TOP OF THE 1ST |
University of Conneticut Huskies batting - Pitching for University of Southern California Trojans : RHP Steve Depre
|
Pitching: RHP Steve Depre
|
|
Batting: RHB Kyle Finney
|
0-0: Ball 1-0: Foul Ball, location: 2F 1-1: Fly out, F6 (Popup, 6M, EV 61.9 MPH)
|
Batting: RHB Victor Nava
|
0-0: Ball 1-0: Swinging Strike 1-1: Foul Ball, location: 2F 1-2: Fly out, F9 (Flyball, 9LM, EV 99.4 MPH)
|
Batting: RHB Roku Kawano
|
0-0: Called Strike 0-1: Ball 1-1: Foul Ball, location: 2F 1-2: Fly out, F8 (Flyball, 8RM, EV 93.8 MPH)
|
Top of the 1st over - 0 runs, 0 hits, 0 errors, 0 left on base; University of Conneticut 0 - University of Southern California 0 |
BOTTOM OF THE 1ST |
University of Southern California Trojans batting - Pitching for University of Conneticut Huskies : RHP Sherwood Abernethy
|
Pitching: RHP Sherwood Abernethy
|
|
Batting: LHB Brad Betterton
|
0-0: Ball 1-0: Swinging Strike 1-1: Ball 2-1: Swinging Strike 2-2: Ball 3-2: Strikes out looking
|
Batting: LHB Justin Veirs
|
0-0: Fly out, F2 (Popup, 23F, EV 83.8 MPH)
|
Batting: RHB Eric Baker
|
0-0: Ball 1-0: Foul Ball, location: 2F 1-1: Foul Ball, location: 2F 1-2: Strikes out swinging
|
Bottom of the 1st over - 0 runs, 0 hits, 0 errors, 0 left on base; University of Conneticut 0 - University of Southern California 0 |
TOP OF THE 2ND |
University of Conneticut Huskies batting - Pitching for University of Southern California Trojans : RHP Steve Depre
|
Batting: LHB Andrew Barzee
|
0-0: SINGLE (Line Drive, 4MD, EV 103.8 MPH)
|
Batting: RHB Victor Ramos
|
0-0: Ball Andrew Barzee steals 2nd, throwing error, E2 Andrew Barzee to third 1-0: Ground out 5-3 (Groundball, 56, EV 103.1 MPH) Andrew Barzee scores
|
Batting: LHB Hector Acosta
|
0-0: Ground out U3 (Groundball, 3S, EV 88.8 MPH)
|
Batting: RHB Cullen Elliott
|
0-0: Swinging Strike 0-1: Foul Ball, location: 2F 0-2: Ground out 5-3 (Groundball, 56S, EV 82.5 MPH)
|
Top of the 2nd over - 1 run, 1 hit, 1 error, 0 left on base; University of Conneticut 1 - University of Southern California 0 |
BOTTOM OF THE 2ND |
University of Southern California Trojans batting - Pitching for University of Conneticut Huskies : RHP Sherwood Abernethy
|
Batting: LHB John Rumbolt
|
0-0: Ground out 6-3 (Groundball, 56D, EV 100.0 MPH)
|
Batting: SHB Jason Keys
|
0-0: Ball 1-0: Called Strike 1-1: Called Strike 1-2: Ground out U3 (Groundball, 3, EV 78.1 MPH)
|
Batting: RHB Liangde Zhou
|
0-0: Ball 1-0: Called Strike 1-1: Ball 2-1: Ball 3-1: Base on Balls
|
Batting: RHB Rick Acevedo
|
0-0: Ball Liangde Zhou steals 2nd base 1-0: Ground out 5-3 (Groundball, 56, EV 88.1 MPH)
|
Bottom of the 2nd over - 0 runs, 0 hits, 0 errors, 1 left on base; University of Conneticut 1 - University of Southern California 0 |
TOP OF THE 3RD |
University of Conneticut Huskies batting - Pitching for University of Southern California Trojans : RHP Steve Depre
|
Batting: RHB Lee Wilbur
|
0-0: Ball 1-0: Swinging Strike 1-1: Ball 2-1: Ball 3-1: Ground out U3 (Groundball, 34, EV 107.5 MPH)
|
Batting: RHB Jack Vokey
|
0-0: Foul Ball, location: 2F 0-1: Ground out U3 (Groundball, 34, EV 96.2 MPH)
|
Batting: RHB Kyle Finney
|
0-0: Ground out 6-3 (Groundball, 6, EV 86.2 MPH)
|
Top of the 3rd over - 0 runs, 0 hits, 0 errors, 0 left on base; University of Conneticut 1 - University of Southern California 0 |
BOTTOM OF THE 3RD |
University of Southern California Trojans batting - Pitching for University of Conneticut Huskies : RHP Sherwood Abernethy
|
Batting: RHB Jeremy McAbee
|
0-0: Ball 1-0: Foul Ball, location: 2F 1-1: Fly out, F9 (Line Drive, 9, EV 104.4 MPH)
|
Batting: RHB Jochen Schanz
|
0-0: Ball 1-0: Ball 2-0: Foul Ball, location: 2F 2-1: Fly out, F3 (Line Drive, 34, EV 73.1 MPH)
|
Batting: LHB Brad Betterton
|
0-0: Ball 1-0: Foul Ball, location: 2F 1-1: Foul Ball, location: 2F 1-2: SINGLE (Groundball, 56S, EV 63.8 MPH) (infield hit)
|
Batting: LHB Justin Veirs
|
0-0: Ball 1-0: Swinging Strike 1-1: Called Strike 1-2: Strikes out looking
|
Bottom of the 3rd over - 0 runs, 1 hit, 0 errors, 1 left on base; University of Conneticut 1 - University of Southern California 0 |
TOP OF THE 4TH |
University of Conneticut Huskies batting - Pitching for University of Southern California Trojans : RHP Steve Depre
|
Batting: RHB Victor Nava
|
0-0: Called Strike 0-1: Ball 1-1: Swinging Strike 1-2: Ball 2-2: Strikes out swinging
|
Batting: RHB Roku Kawano
|
0-0: Foul Ball, location: 2F 0-1: Fly out, F7 (Flyball, 78XD, EV 93.1 MPH)
|
Batting: LHB Andrew Barzee
|
0-0: Swinging Strike 0-1: Swinging Strike 0-2: Ball 1-2: Strikes out swinging
|
Top of the 4th over - 0 runs, 0 hits, 0 errors, 0 left on base; University of Conneticut 1 - University of Southern California 0 |
BOTTOM OF THE 4TH |
University of Southern California Trojans batting - Pitching for University of Conneticut Huskies : RHP Sherwood Abernethy
|
Batting: RHB Eric Baker
|
0-0: Ground out 5-3 (Groundball, 56, EV 98.8 MPH)
|
Batting: LHB John Rumbolt
|
0-0: Foul Ball, location: 2F 0-1: Foul Ball, location: 2F 0-2: Ground out 3-1 (Groundball, 34, EV 92.5 MPH)
|
Batting: SHB Jason Keys
|
0-0: Called Strike 0-1: SINGLE (Groundball, 2R, EV 65.6 MPH) (infield hit)
|
Batting: RHB Liangde Zhou
|
0-0: Ball 1-0: Fielders Choice at 2nd, U4 (Groundball, 4M, EV 87.5 MPH)
|
Bottom of the 4th over - 0 runs, 1 hit, 0 errors, 1 left on base; University of Conneticut 1 - University of Southern California 0 |
TOP OF THE 5TH |
University of Conneticut Huskies batting - Pitching for University of Southern California Trojans : RHP Steve Depre
|
Now at C: Dam Giap
|
|
Now at 1B: Santiago Romero
|
|
Now at 3B: Tri Kartini
|
|
Batting: RHB Victor Ramos
|
0-0: Foul Ball, location: 2F 0-1: Hit by Pitch
|
Batting: LHB Hector Acosta
|
0-0: Ball 1-0: Ball 2-0: Called Strike 2-1: Called Strike 2-2: Ground out 5-3 (Groundball, 5, EV 87.5 MPH) Victor Ramos to second
|
Batting: RHB Cullen Elliott
|
0-0: Ball 1-0: Fly out, F3 (Line Drive, 34, EV 86.2 MPH) Lined into DP, 3-6 (Line Drive, 34, EV 86.2 MPH)
|
Top of the 5th over - 0 runs, 0 hits, 0 errors, 0 left on base; University of Conneticut 1 - University of Southern California 0 |
BOTTOM OF THE 5TH |
University of Southern California Trojans batting - Pitching for University of Conneticut Huskies : RHP Sherwood Abernethy
|
Batting: RHB Rick Acevedo
|
0-0: Called Strike 0-1: Ball 1-1: Foul Ball, location: 2F 1-2: Ball 2-2: Reached on error, E3 (Groundball, 23, EV 79.4 MPH)
|
Batting: RHB Jeremy McAbee
|
0-0: Fielders Choice at 2nd, 4-6 (Groundball, 34, EV 84.4 MPH)
|
Batting: RHB Jochen Schanz
|
0-0: Fielders Choice at 2nd, 4-6 (Groundball, 4, EV 83.8 MPH)
|
Pinch Hitting: LHB Alonzo Catalan
|
0-0: Swinging Strike 0-1: Foul Ball, location: 2F 0-2: Ball 1-2: Fielders Choice at 2nd, 5-4 (Groundball, 5, EV 103.1 MPH)
|
Bottom of the 5th over - 0 runs, 0 hits, 1 error, 1 left on base; University of Conneticut 1 - University of Southern California 0 |
TOP OF THE 6TH |
University of Conneticut Huskies batting - Pitching for University of Southern California Trojans : RHP Steve Depre
|
Now at 2B: Kasey Kasarda
|
|
Now in CF: Alonzo Catalan
|
|
Now in RF: Roger Kean
|
|
Batting: RHB Lee Wilbur
|
0-0: Called Strike 0-1: Ball 1-1: Called Strike 1-2: Strikes out swinging
|
Batting: RHB Jack Vokey
|
0-0: Swinging Strike 0-1: Swinging Strike 0-2: Strikes out swinging
|
Batting: RHB Kyle Finney
|
0-0: Called Strike 0-1: Called Strike 0-2: Strikes out swinging
|
Top of the 6th over - 0 runs, 0 hits, 0 errors, 0 left on base; University of Conneticut 1 - University of Southern California 0 |
BOTTOM OF THE 6TH |
University of Southern California Trojans batting - Pitching for University of Conneticut Huskies : RHP Sherwood Abernethy
|
Pitching: RHP Tony de Anda
|
|
Now at 1B: Charlie Slayback
|
|
Batting: LHB Roger Kean
|
0-0: Ball 1-0: Called Strike 1-1: Swinging Strike 1-2: Ball 2-2: Foul Ball, location: 2F 2-2: Ball 3-2: Fly out, F9 (Line Drive, 89D, EV 90.0 MPH)
|
Pinch Hitting: RHB Jim Baltazar
|
0-0: Foul Ball, location: 2F 0-1: Swinging Strike 0-2: Strikes out looking
|
Pinch Hitting: SHB Mhelter Daulong
|
0-0: Ball 1-0: Foul Ball, location: 2F 1-1: Foul Ball, location: 2F 1-2: Ground out 4-3 (Groundball, 4, EV 86.2 MPH)
|
Bottom of the 6th over - 0 runs, 0 hits, 0 errors, 0 left on base; University of Conneticut 1 - University of Southern California 0 |
TOP OF THE 7TH |
University of Conneticut Huskies batting - Pitching for University of Southern California Trojans : RHP Steve Depre
|
Now at 1B: Jim Baltazar
|
|
Now at 3B: Edwin Figueroa
|
|
Pinch Hitting: LHB Omar Alba
|
0-0: Ball 1-0: Called Strike 1-1: Called Strike 1-2: Ball 2-2: Ball 3-2: Strikes out looking
|
Batting: RHB Roku Kawano
|
0-0: Foul Ball, location: 2F 0-1: Ball 1-1: Foul Ball, location: 2F 1-2: Fly out, F8 (Line Drive, 8RS, EV 93.1 MPH)
|
Pinch Hitting: LHB Greg James
|
0-0: Ball 1-0: Foul Ball, location: 2F 1-1: Ball 2-1: Ground out 3-1 (Groundball, 34, EV 80.6 MPH)
|
Top of the 7th over - 0 runs, 0 hits, 0 errors, 0 left on base; University of Conneticut 1 - University of Southern California 0 |
BOTTOM OF THE 7TH |
University of Southern California Trojans batting - Pitching for University of Conneticut Huskies : RHP Tony de Anda
|
Pitching: LHP Jim Weinberg
|
|
Now at C: Miguel Perez
|
|
Now in CF: Omar Alba
|
|
Now in RF: Greg James
|
|
Batting: RHB Dennis Tempel
|
0-0: Ball 1-0: Ball 2-0: Ball 3-0: Base on Balls
|
Batting: RHB Dam Giap
|
0-0: Ball 1-0: Ball Dennis Tempel is caught stealing 2nd base 2-4 2-0: Reached on error, E6 (Groundball, 6M, EV 111.9 MPH)
|
Pinch Hitting: LHB Alberto Reyes
|
0-0: Foul Ball, location: 2F 0-1: Ball 1-1: Ball 2-1: Ball 3-1: Foul Ball, location: 2F 3-2: Foul Ball, location: 2F 3-2: Strikes out looking
|
Batting: RHB Jeremy McAbee
|
0-0: SINGLE (Groundball, 5L, EV 103.1 MPH) (infield hit) Dam Giap to third
|
Pinch Hitting: RHB John Sandberg
|
0-0: Swinging Strike 0-1: Swinging Strike 0-2: Ball 1-2: Strikes out swinging
|
Bottom of the 7th over - 0 runs, 1 hit, 1 error, 2 left on base; University of Conneticut 1 - University of Southern California 0 |
TOP OF THE 8TH |
University of Conneticut Huskies batting - Pitching for University of Southern California Trojans : RHP Steve Depre
|
Pitching: RHP Tyshawn Calvin
|
|
Now at 2B: John Sandberg
|
|
Now in LF: Alberto Reyes
|
|
Batting: RHB Victor Ramos
|
0-0: Swinging Strike 0-1: Ball 1-1: Swinging Strike 1-2: SOLO HOME RUN (Flyball, 7D, EV 99.4 MPH), Distance : 414 ft
|
Batting: RHB Paul Pastrano
|
0-0: Swinging Strike 0-1: Ball 1-1: Called Strike 1-2: Ball 2-2: Fly out, F5 (Line Drive, 5, EV 63.8 MPH)
|
Pinch Hitting: RHB Jordan Nicholas
|
0-0: Ball 1-0: Fly out, F8 (Line Drive, 8RD, EV 99.4 MPH)
|
Batting: RHB Charlie Slayback
|
0-0: Ball 1-0: Called Strike 1-1: Ground out 4-3 (Groundball, 4, EV 88.1 MPH)
|
Top of the 8th over - 1 run, 1 hit, 0 errors, 0 left on base; University of Conneticut 2 - University of Southern California 0 |
BOTTOM OF THE 8TH |
University of Southern California Trojans batting - Pitching for University of Conneticut Huskies : LHP Jim Weinberg
|
Pitching: LHP Alex Membreno
|
|
Now at 3B: Jordan Nicholas
|
|
Pinch Hitting: RHB Joe Keough
|
0-0: Called Strike 0-1: Foul Ball, location: 2F 0-2: Ball 1-2: Fly out, F4 (Popup, 34S, EV 75.6 MPH)
|
Batting: LHB Roger Kean
|
0-0: Ground out 5-3 (Groundball, 56S, EV 89.4 MPH)
|
Batting: RHB Jim Baltazar
|
0-0: Ball 1-0: Ball 2-0: Called Strike 2-1: Foul Ball, location: 2F 2-2: Foul Ball, location: 2F 2-2: Strikes out swinging
|
Bottom of the 8th over - 0 runs, 0 hits, 0 errors, 0 left on base; University of Conneticut 2 - University of Southern California 0 |
TOP OF THE 9TH |
University of Conneticut Huskies batting - Pitching for University of Southern California Trojans : RHP Tyshawn Calvin
|
Pitching: RHP Aaron Haver
|
|
Now in CF: George Hillock
|
|
Batting: RHB Jack Vokey
|
0-0: Called Strike 0-1: Ball 1-1: Ball 2-1: Ball 3-1: Foul Ball, location: 2F 3-2: Base on Balls
|
Batting: RHB Kyle Finney
|
0-0: Bunted foul 0-1: Bunted foul 0-2: Foul Ball, location: 2F 0-2: Foul Ball, location: 2F 0-2: Ball 1-2: Ball 2-2: Fielders Choice at 2nd, 5-4 (Groundball, 56, EV 87.5 MPH)
|
Batting: LHB Omar Alba
|
0-0: Called Strike 0-1: Swinging Strike 0-2: Ball Kyle Finney is caught stealing 2nd base 2-6 1-2: Foul Ball, location: 2F 1-2: Fly out, F7 (Flyball, 7, EV 91.2 MPH)
|
Top of the 9th over - 0 runs, 0 hits, 0 errors, 0 left on base; University of Conneticut 2 - University of Southern California 0 |
BOTTOM OF THE 9TH |
University of Southern California Trojans batting - Pitching for University of Conneticut Huskies : LHP Alex Membreno
|
Pitching: RHP Gabe Martinez
|
|
Pinch Hitting: RHB Eduardo Mejorado
|
0-0: Called Strike 0-1: Called Strike 0-2: Ball 1-2: Ball 2-2: Strikes out looking
|
Batting: RHB Dennis Tempel
|
0-0: Ball 1-0: Ball 2-0: Called Strike 2-1: Swinging Strike 2-2: SINGLE (Line Drive, 6MD, EV 110.6 MPH)
|
Pinch Hitting: RHB Joey Fields
|
0-0: Called Strike 0-1: Swinging Strike 0-2: Foul Ball, location: 2F 0-2: Strikes out looking
|
Pinch Hitting: LHB Eli Evenson
|
0-0: Ground out U3 (Groundball, 3S, EV 74.4 MPH)
|
Bottom of the 9th over - 0 runs, 1 hit, 0 errors, 1 left on base; University of Conneticut 2 - University of Southern California 0 |
|